 Dungeon Crawl Stone Soup version 0.22.1-2-g9c5b331 (webtiles) character file.

32 MalarOregon the Chiller (level 3, -1/26 HPs)
             Began as a Merfolk Ice Elementalist on Nov 21, 2018.
             Slain by a jackal (2 damage)
             ... on level 1 of the Dungeon.
             The game lasted 00:02:36 (761 turns).

MalarOregon the Chiller (Merfolk Ice Elementalist)   Turns: 761, Time: 00:02:37

Health: -1/26      AC:  2    Str:  8    XL:     3   Next: 25%
Magic:  0/6        EV: 13    Int: 15    God:
Gold:   129        SH:  0    Dex: 14    Spells: 3/6 levels left

rFire    . . .     SeeInvis .   g - +0 spear
rCold    . . .     Gourm    .   (no shield)
rNeg     . . .     Faith    .   a - +0 robe
rPois    .         Spirit   .   (no helmet)
rElec    .         Reflect  .   (no cloak)
rCorr    .         Harm     .   (no gloves)
MR       .....                  (no boots)
Stlth    ++........             (no amulet)
HPRegen  0.08/turn              (no ring)
MPRegen  0.10/turn              (no ring)

@: very slightly contaminated
A: change form in water, swift swim, stealthy swim
a: no special abilities


You were on level 1 of the Dungeon.
You were not hungry.

You visited 1 branch of the dungeon, and saw 1 of its levels.

You collected 129 gold pieces.

Inventory:

Hand Weapons
 g - a +0 spear (weapon)
   (You found it on level 1 of the Dungeon)
Missiles
 c - 36 stones (quivered)
Armour
 a - a +0 robe (worn)
Scrolls
 b - a scroll of teleportation {unknown}
 h - a scroll of identify {unknown}
 j - 3 scrolls of magic mapping {unknown}
 k - a scroll of random uselessness {unknown}
Potions
 d - a potion of mutation {unknown}
 f - a potion of degeneration {unknown}
Comestibles
 e - 4 rations {!d}
 i - 2 chunks of flesh


   Skills:
 + Level 1.0 Fighting
 * Level 1.3 Polearms
 * Level 3.2 Dodging
 - Level 2.1 Stealth
 * Level 2.3 Spellcasting
 - Level 0.7 Conjurations
 * Level 3.6 Ice Magic


You had 3 spell levels left.
You knew the following spells:

 Your Spells              Type           Power        Failure   Level  Hunger
a - Freeze                Ice            ##..         4%          1    #......
x - Throw Frost           Conj/Ice       #.....       13%         2    ###....

Your spell library contained the following spells:

 Spells                   Type           Power        Failure   Level  Hunger
 Ozocubu's Armour         Chrm/Ice       #.......     30%         3    ###....
 Throw Icicle             Conj/Ice       #.......     65%         4    #####..
 Summon Ice Beast         Ice/Summ       #.......     69%         4    #####..


Dungeon Overview and Level Annotations

Branches:
Dungeon (1/15)

Altars:


Message History

The giant cockroach bites you but does no damage.
You hit the giant cockroach but do no damage.
The giant cockroach barely misses you. The giant cockroach bites you.
* * * LOW HITPOINT WARNING * * *
You hit the giant cockroach. The giant cockroach barely misses you.
You hit the giant cockroach but do no damage.
The giant cockroach bites you.
* * * LOW HITPOINT WARNING * * *
You hit the giant cockroach. The giant cockroach barely misses you.
You barely miss the giant cockroach.
The giant cockroach bites you but does no damage. x2
You hit the giant cockroach.
You kill the giant cockroach!
You hit the rat.
You kill the rat!
The rat closely misses you.
You hit the rat.
You kill the rat!
The jackal closely misses you.
Aim: a jackal You freeze the jackal.
The ooze jiggles.
The rat twitches its whiskers.
The jackal closely misses you.
Aim: a jackal (almost dead)
You freeze the jackal.
You kill the jackal!
You hit the ooze. The ooze barely misses you.
Aim: an ooze (heavily wounded)
You freeze the ooze. The ooze barely misses you.
You hit the ooze. The ooze misses you.
You hit the ooze but do no damage. The ooze completely misses you.
You hit the ooze.
You kill the ooze!
You barely miss the jackal. The jackal completely misses you.
The jackal bites you.
* * * LOW HITPOINT WARNING * * *
You closely miss the jackal. The jackal bites you.
* * * LOW HITPOINT WARNING * * *
You completely miss the jackal. The jackal barely misses you. x2
You barely miss the jackal. The jackal closely misses you.
You completely miss the jackal. The jackal bites you.
* * * LOW HITPOINT WARNING * * *
The jackal completely misses you.
Aim: a jackal You miscast Freeze.
You are very lightly contaminated with residual magic.
Nothing appears to happen.
The jackal bites you.
* * * LOW HITPOINT WARNING * * *
The jackal bites you.
You die...

#.........................####
#........#####...########...#.
#........# ###.##### ###...
#........######......# ##..
###..................# #..
#.###'#######'###..# ##.
#.#..⌠...>...⌠..#..# #.
##.#......<......#..# ##
#..+⌠....###@...⌠+..#
#..#.......h.....#..# #
#..#######J#######..###### ##
#####..# ...rrw.. #....>..###.
.......#....).r..... #..####.....
.......#.............#..# ###.##
.......###############..######.##
...........................##..##
.......#######.....#######.#..##


You could see a worm, an ooze, a jackal and 3 rats.

Vanquished Creatures
  2 oozes (D:1)
  2 giant cockroaches (D:1)
  5 hobgoblins (D:1)
  2 jackals (D:1)
  2 goblins (D:1)
  3 kobolds (D:1)
  8 rats (D:1)
  A fungus (D:1)
25 creatures vanquished.

Vanquished Creatures (others)
  A fungus (D:1)
1 creature vanquished.

Grand Total: 26 creatures vanquished

Notes
Turn   | Place    | Note
-------+----------+-------------------------------------------
     0 | D:1      | MalarOregon the Merfolk Ice Elementalist began the quest
                  | for the Orb.
     0 | D:1      | Reached XP level 1. HP: 13/13 MP: 3/3
     1 | D:1      | Found a runed door.
   326 | D:1      | Reached XP level 2. HP: 18/20 MP: 1/5
   340 | D:1      | Learned a level 2 spell: Throw Frost
   732 | D:1      | Reached skill level 1 in Fighting
   732 | D:1      | Reached skill level 1 in Polearms
   734 | D:1      | Reached XP level 3. HP: 13/26 MP: 1/6
   760 | D:1      | HP: 1/26 [jackal (2)]
   761 | D:1      | Slain by a jackal

Skill      XL: |  1  2 |
---------------+-------+-----
Dodging        | 3 |  3.2
Fighting       | 1 |  1.0
Polearms       | 1 |  1.3
Stealth        | |  2.1
Spellcasting   | |  2.3
Conjurations   | |  0.7
Ice Magic      | |  3.6

Action                   || total
-------------------------++-------
Melee: Spear             ||    71
       Unarmed           ||     4
Throw: Stone             ||    26
 Cast: Freeze            ||    19
       Throw Frost       ||     3
 Stab: Sleeping          ||     1
Armor: Robe              ||     3
Dodge: Dodged            ||    45
